AoeStats
← Skipparen

Oasis

508616962Analyzed
4v4 RM · 9d ago on Sep 23, 2026· 16m 51s· 8 players
Game mode
Random Map
Map size
Large (8 player)
Population
200
Speed
Normal
Resources
Standard
Victory
Conquest
Starting age
Dark Age
Ending age
Imperial Age
RankedLock teamsTeams togetherTeam positionsShared explorationLock speedFull tech treeHidden civsTurbo modeCheats
Victory
Defeat
🇩🇪 Koreans · Germany
843
+4
🇩🇪 Magyars · Germany
749
+6
🇨🇳 Poles · China
743
+6
🇳🇴 Romans · Norway
737
+6
🇧🇬 Malay · Bulgaria
618
-9
🇧🇬 Bulgarians · Bulgaria
558
-7
🇻🇳 Vietnamese · Vietnam
390
-3
🇨🇳 Wei · China
379
-3
Dai Viet
yomamacry
5:00 Loom
5:06 Loom
GeorgiSlavkov
7:43 Loom
Elite Savage
Señor_Bingus
2:00 Loom
13:48 Feudal Age
Skipparen
8:52 Loom
11:01 Feudal Age
12:02 Man-at-Arms
19:24 Castle Age
SHiRoNix
11:06 Feudal Age
13:24 Fletching
13:43 Loom
17:11 Castle Age
ksffvbh
0:33 Loom
Connection lost

Rejoining the realm…

Still unreachable

The connection could not be restored.

Session expired

The server has moved on; the page needs a fresh start.